 Dungeon Crawl Stone Soup version 0.26-a0-1131-g5f66e2dd50 (webtiles) character file.

Game seed: 15373779952737538052

144557 Ge0ff the Brawler (level 16, 0/167 HPs)
             Began as a Troll Berserker on Dec 19, 2020.
             Was an Elder of Trog.
             Slain by an eight-headed hydra (11 damage)
             ... called by a spriggan druid
             ... on level 4 of the Swamp.
             The game lasted 01:57:42 (20134 turns).

Ge0ff the Brawler (Troll Berserker)                Turns: 20134, Time: 01:57:43

Health: 0/167      AC: 10    Str: 29    XL:     16   Next: 85%
Magic:  0/6        EV: 18    Int:  7    God:    Trog [****..]
Gold:   1858       SH:  0    Dex: 14    Spells: 15/15 levels left

rFire    + . .     SeeInvis .     - Unarmed
rCold    x . .     Faith    .   r - +0 tower shield
rNeg     . . .     Spirit   +   V - +0 troll leather armour
rPois    .         Reflect  .   (helmet restricted)
rElec    .         Harm     .   E - +0 cloak
rCorr    .         Rampage  .   (gloves unavailable)
Will     +++++                  (boots unavailable)
Stlth    +.........             b - amulet of guardian spirit
HPRegen  2.17/turn              Q - +4 ring of evasion {=R}
MPRegen  0.10/turn              n - ring of Toezxaopt {Fire +Blink Will+++ MP-9 Int+4}

@: confused, very slightly contaminated, regenerating, hasted, invisible, very
quick
A: large, unfitting armour, claws 3, regeneration 1, shaggy fur 1, tough skin 3
a: Renounce Religion, Evoke Blink, Berserk, Trog's Hand, Brothers in Arms


You were on level 4 of the Swamp.
You worshipped Trog.
Trog was greatly pleased with you.
You visited 5 branches of the dungeon, and saw 28 of its levels.
You also visited: Gauntlet.

You collected 3469 gold pieces.
You spent 1611 gold pieces at shops.

Inventory:

Missiles
 m - 9 silver javelins (quivered)
 v - 3 curare-tipped darts {=f}
 U - 16 large rocks
Armour
 r - a +0 tower shield (worn)
 E - a +0 cloak (worn)
 F - a scarf of harm
 V - a +0 troll leather armour (worn)
 Y - a scarf of resistance
Jewellery
 a - the ring of the Lobster {Fire Str+4 SInv}
   (You took it off a minotaur in a Gauntlet)

   [ring of fire]

   It enhances your fire magic.
   It affects your strength (+4).
   It protects you from fire.
   It makes you vulnerable to cold.
   It lets you see invisible.
 b - an amulet of guardian spirit (around neck)
 h - an uncursed ring of ice
 n - the ring of Toezxaopt (right claw) {Fire +Blink Will+++ MP-9 Int+4}
   (You found it in a Gauntlet)

   [ring of fire]

   It enhances your fire magic.
   It affects your intelligence (+4).
   It protects you from fire.
   It makes you vulnerable to cold.
   It affects your willpower, your defense against some magical effects.
   It affects your magic capacity (-9).
   It lets you blink.
 w - an uncursed ring of see invisible
 z - an uncursed amulet of reflection
 B - a +6 ring of intelligence
 G - an uncursed amulet of faith
 L - an uncursed ring of willpower
 Q - a +4 ring of evasion (left claw) {=R}
Wands
 d - a wand of digging (9)
 f - a wand of flame (87)
 k - a wand of iceblast (2)
 p - a wand of paralysis (20)
 P - a wand of polymorph (15)
Scrolls
 i - 12 scrolls of identify
 C - 11 scrolls of remove curse
Potions
 o - 2 potions of ambrosia
 q - 13 potions of curing
 A - 6 potions of attraction
 H - 6 potions of haste {!q}
 K - 2 potions of magic {!q}
 M - 3 potions of might
 N - a potion of cancellation {!q}
 R - 3 potions of resistance
 T - 3 potions of mutation {!q}
 W - 4 potions of heal wounds {!q}
 X - 2 potions of flight
 Z - 2 potions of berserk rage {!q}
Miscellaneous
 c - a condenser vane (inert)
 l - a lightning rod (2/4)
 t - a tin of tremorstones (inert)
 O - a box of beasts


   Skills:
 * Level 12.7 Fighting
 + Level 9.7 Throwing
 + Level 6.8 Armour
 + Level 9.4 Dodging
 + Level 11.0 Shields
 + Level 16.9 Unarmed Combat


You had 15 spell levels left.
You didn't know any spells.
Your spell library was empty.

Dungeon Overview and Level Annotations

Branches:
Dungeon (15/15)            Temple (1/1) D:5            Lair (6/6) D:8
  Swamp (4/4) Lair:4        Snake (0/4) Lair:2        Slime (0/5) Lair:6
    Orc (2/2) D:9             Elf (0/3) Orc:2        Vaults (0/5) D:14
 Depths (0/5) D:15        Gauntlet (visited)

Altars:
Elyvilon
Fedhas
Gozag
Kikubaaqudgha
Nemelex Xobeh
Qazlal
Sif Muna
Trog
Vehumet
Wu Jian
Xom
Zin
The Shining One
Beogh
Jiyva

Shops:
D:4 *   D:14 *   Orc:2 *[([*(*


Innate Abilities, Weirdness & Mutations

You are too large for most types of armour.
You have claws for hands.
Your natural rate of healing is unusually fast.
You are covered in fur. (AC +1)
You have extremely tough skin. (AC +3)


Message History

* * * LOW HITPOINT WARNING * * *
The alligator is engulfed in noxious fumes.
A swamp drake comes into view.
The four-headed hydra closely misses you.
The four-headed hydra bites you.
* * * LOW HITPOINT WARNING * * *
The four-headed hydra completely misses you.
The four-headed hydra closely misses you.
The four-headed hydra bites you!
* * * LOW HITPOINT WARNING * * *
The four-headed hydra misses you.
The four-headed hydra barely misses you.
The four-headed hydra bites you!
* * * LOW HITPOINT WARNING * * *
The tyrant leech completely misses you.
You are very lightly contaminated with residual magic.
You feel better.
You choke on the stench!
You are confused.
The eight-headed hydra bites you!
You die...

♣♣.♣♣≈≈†<.≈.≈≈≈....[.≈♣♣
♣♣ ♣♣.≈≈≈§≈≈≈≈≈≈..§≈.≈♣♣
♣..≈.≈D≈.≈≈≈≈.§≈≈..≈♣
♣♣♣♣♣♣♣♣.≈≈D§≈≈≈.(≈..♣
♣≈.k°≈≈≈...≈≈.≈♣
♣♣♣D°°≈≈♣≈.≈≈≈♣♣
♣♣.t♣♣♣≈§....≈♣ ♣♣°°D♣
♣♣♣♣♣≈.♣♣ ♣^.D@♣♣
♣♣♣♣♣♣♣.♣♣♣
♣.≈wD.♣♣♣.♣.♣≈...≈♣♣
♣♣♣♣≈.♣♣.≈≈.≈...≈≈.♣
♣≈..♣...≈≈....≈♣
♣♣D.k.≈.≈...≈..♣≈≈
♣○§......≈.)....≈#
♣♣..§≈.≈......≈≈♣#
♣♣♣...≈.....≈.≈.##
♣...≈≈...≈.°.≈≈♣#


You could see an alligator (swift, confused, poisoned), an eight-headed hydra, 2
four-headed hydras, 3 swamp dragons, a tyrant leech and 2 swamp drakes.

Vanquished Creatures
  2 thorn hunters
  Agnes (D:14)
  An orc warlord (Orc:2)
  Azrael (D:13)
  Nessos (Lair:6)
  A dire elephant (D:15)
  2 bunyips
  A minotaur (Gauntlet)
  4 eleionomae
  2 shambling mangroves
  Josephine (D:13)
  6 boulder beetles
  3 centaur warriors
  16 hydras
  2 ghost crabs (Swamp:1)
  A catoblepas (Lair:5)
  A two-headed ogre (D:7)
  A death knight (D:14)
  15 alligators
  4 death yaks (Lair:5)
  3 orc high priests
  3 tengu warriors
  2 spriggans (Swamp:2)
  Urug (D:10)
  A skeletal warrior (D:14)
  7 goliath frogs
  2 spriggan druids
  A wizard (D:14)
  3 bog bodies
  The ghost of rlgrobin the Covert, a novice KoDe (D:6)
  An orange crystal statue (D:9)
  4 swamp dragons
  2 orc knights (Orc:2)
  4 orc sorcerers
  A wolf spider (D:15)
  6 ugly things
  2 cyclopes
  3 will-o-the-wisps
  3 oklob plants
  A deep elf mage (D:12)
  A worldbinder (Gauntlet)
  2 manticores
  An apocalypse crab (Gauntlet)
  3 black mambas
  Joseph (D:9)
  4 gargoyles
  13 elephants
  23 cane toads
  3 rime drakes
  An efreet (D:15)
  9 komodo dragons
  5 yaktaurs (D:15)
  A tengu conjurer (D:15)
  4 polar bears (Lair:4)
  9 trolls
  11 tyrant leeches
  Prince Ribbit (D:8)
  18 blink frogs
  A bloated husk (Swamp:2)
  6 hornets
  A raiju (shapeshifter) (D:15)
  15 slime creatures
  4 dream sheep (Lair:6)
  A meliai zombie (D:15)
  A vampire (D:9)
  3 shadows
  32 yaks
  5 wyverns
  4 fire elementals (D:13)
  A steam dragon (D:13)
  8 wraiths
  7 humans
  19 vampire mosquitoes
  6 basilisks
  5 wargs
  A soldier ant (D:11)
  A naga (Lair:2)
  10 swamp worms
  2 acid dragons
  9 water moccasins
  4 hell hounds (D:13)
  28 orc warriors
  2 swamp drakes
  5 black bears
  3 ice beasts
  7 sky beasts
  2 necrophages (D:10)
  3 phantoms
  2 boggarts (Gauntlet)
  12 ogres
  17 centaurs
  6 wolves
  A big kobold (D:13)
  2 wyvern zombies
  24 bullfrogs
  A wyvern skeleton (D:11)
  3 scorpions
  18 killer bees
  34 wights
  5 electric eels
  A howler monkey (D:13)
  A crimson imp (D:6)
  9 centaur zombies
  3 bullfrog zombies
  5 jellies
  10 centaur skeletons
  18 orc priests
  2 bullfrog skeletons
  13 hounds
  29 orc wizards
  4 iguanas
  4 hell rats (Lair:6)
  8 worker ants
  A hound skeleton (D:4)
  A howler monkey zombie (D:9)
  A worker ant zombie (D:6)
  8 gnolls
  A howler monkey skeleton (D:4)
  9 adders
  3 shadow imps
  6 white imps
  An ufetubus (D:5)
  2 oozes
  3 adder skeletons
  2 dart slugs
  3 worms
  6 leopard geckos
  97 orcs
  3 ball pythons
  4 giant cockroaches
  6 goblins
  12 hobgoblins
  2 jackals (D:4)
  13 kobolds
  4 quokkas
  A ball python zombie (D:5)
  2 bats
  4 frilled lizards
  2 quokka skeletons
  6 rats
  A briar patch (Swamp:1)
859 creatures vanquished.

Vanquished Creatures (collateral kills)
  Rupert (D:14)
  A bunyip (Swamp:3)
  An eleionoma (Swamp:2)
  A rakshasa (D:14)
  2 hydras (D:14)
  2 two-headed ogres (D:14)
  2 death yaks (Lair:5)
  A tengu warrior (D:13)
  A bog body (Lair:4)
  An orc knight (D:14)
  A deep elf mage (D:14)
  An elephant (Lair:4)
  A cane toad (Lair:4)
  An efreet (D:14)
  A troll (D:13)
  A slime creature (D:14)
  9 humans (D:14)
  A wyvern (Lair:4)
  A yak (Lair:4)
  A swamp worm (Swamp:2)
  2 water moccasins (Lair:4)
  An ice beast (D:14)
34 creatures vanquished.

Vanquished Creatures (others)
  2 bloated husks
  A kobold (D:13)
  A briar patch (Swamp:1)
  16 foxfires
  31 fungi
  88 plants
  4 toadstools (D:12)
  22 withered plants (Gauntlet)
165 creatures vanquished.

Grand Total: 1058 creatures vanquished

Notes
Turn   | Place    | Note
-------+----------+-------------------------------------------
     0 | D:1      | Ge0ff the Troll Berserker began the quest for the Orb.
     0 | D:1      | Reached XP level 1. HP: 22/22 MP: 0/0
   203 | D:1      | Reached XP level 2. HP: 29/29 MP: 1/1
   445 | D:1      | Reached skill level 4 in Unarmed Combat
   541 | D:1      | Reached ** piety under Trog
   542 | D:1      | Reached XP level 3. HP: 36/36 MP: 2/2
   614 | D:1      | Reached skill level 1 in Throwing
   776 | D:2      | Found a faded altar of an unknown god.
  1227 | D:3      | Reached XP level 4. HP: 44/44 MP: 3/3
  1454 | D:3      | Reached skill level 5 in Unarmed Combat
  1616 | D:4      | Noticed an ogre
  1621 | D:4      | Killed an ogre
  1622 | D:4      | Reached skill level 1 in Shields
  1622 | D:4      | Reached XP level 5. HP: 50/50 MP: 4/4
  1628 | D:4      | Found Enaurul's General Store.
  1663 | D:4      | Bought a potion of heal wounds for 60 gold pieces
  1663 | D:4      | Bought 6 curare-tipped darts for 43 gold pieces
  1779 | D:4      | Found a shimmering blue altar of Sif Muna.
  1834 | D:4      | Reached XP level 6. HP: 59/59 MP: 5/5
  1843 | D:4      | Reached skill level 6 in Unarmed Combat
  1960 | D:4      | Reached *** piety under Trog
  2040 | D:5      | Entered Level 5 of the Dungeon
  2304 | D:5      | Reached XP level 7. HP: 63/67 MP: 6/6
  2347 | D:5      | Reached skill level 7 in Unarmed Combat
  2449 | D:5      | Found a staircase to the Ecumenical Temple.
  2455 | Temple   | Entered the Ecumenical Temple
  2584 | D:6      | Reached XP level 8. HP: 64/78 MP: 3/7
  2700 | D:6      | Found a runed translucent door.
  2702 | D:6      | Noticed rlgrobin's ghost (novice KoDe)
  2711 | D:6      | Killed rlgrobin's ghost
  2712 | D:6      | Reached skill level 8 in Unarmed Combat
  3198 | D:6      | Reached XP level 9. HP: 42/85 MP: 6/8
  3377 | D:7      | Reached skill level 9 in Unarmed Combat
  3436 | D:7      | Noticed a two-headed ogre
  3456 | D:7      | Killed a two-headed ogre
  3457 | D:7      | Reached skill level 5 in Fighting
  3503 | D:7      | Reached **** piety under Trog
  3598 | D:7      | Reached skill level 5 in Shields
  3772 | D:4      | Bought a scarf of resistance for 384 gold pieces
  3912 | D:8      | Noticed Prince Ribbit
  3928 | D:8      | Killed Prince Ribbit
  3929 | D:8      | Reached skill level 10 in Unarmed Combat
  4004 | D:8      | Noticed a troll
  4018 | D:8      | Killed a troll
  4019 | D:8      | Reached XP level 10. HP: 97/97 MP: 7/9
  4098 | D:8      | Found a staircase to the Lair.
  4322 | D:8      | Got a bloodstained rapier
  4329 | D:8      | Found an opulent altar of Gozag.
  4354 | D:8      | Reached skill level 5 in Throwing
  4552 | D:9      | Noticed Joseph
  4804 | D:9      | Killed Joseph
  4846 | D:9      | Reached skill level 11 in Unarmed Combat
  4927 | D:9      | Found a staircase to the Orcish Mines.
  4933 | D:9      | Noticed an orange crystal statue
  5015 | D:9      | Found a radiant altar of Vehumet.
  5015 | D:9      | Found a glowing golden altar of the Shining One.
  5020 | D:9      | Found an ornate altar of the Wu Jian Council.
  5176 | D:9      | Found a glowing silver altar of Zin.
  5227 | D:9      | Killed an orange crystal statue
  5279 | D:10     | Entered Level 10 of the Dungeon
  5397 | D:10     | Reached XP level 11. HP: 107/107 MP: 10/10
  5764 | D:10     | Reached skill level 1 in Armour
  5848 | D:10     | Noticed Urug
  5860 | D:10     | Killed Urug
  5861 | D:10     | Reached skill level 12 in Unarmed Combat
  6141 | D:11     | Reached ***** piety under Trog
  6155 | D:11     | You fall into a shaft and drop 2 floors!
  6252 | D:13     | Noticed Azrael
  6270 | D:13     | Killed Azrael
  6381 | D:13     | Noticed a centaur warrior
  6398 | D:13     | Killed a centaur warrior
  6538 | D:13     | Reached XP level 12. HP: 115/116 MP: 9/11
  6603 | D:13     | Noticed Josephine
  6628 | D:13     | Killed Josephine
  6629 | D:13     | Reached skill level 13 in Unarmed Combat
  6714 | D:13     | Noticed a tengu warrior
  6722 | D:13     | Killed a tengu warrior
  6754 | D:13     | Reached skill level 5 in Dodging
  6911 | D:13     | Found a sparkling altar of Nemelex Xobeh.
  7010 | D:13     | Noticed a boulder beetle
  7023 | D:13     | Killed a boulder beetle
  7376 | D:11     | Noticed a seven-headed hydra
  7378 | D:11     | Noticed a boulder beetle
  7397 | D:11     | Killed a boulder beetle
  7401 | D:11     | Killed a nine-headed hydra
  7548 | D:12     | Reached skill level 14 in Unarmed Combat
  7672 | D:12     | Noticed a boulder beetle
  7684 | D:12     | Killed a boulder beetle
  7701 | D:12     | Identified a scroll of acquirement
  8436 | Lair:1   | Entered Level 1 of the Lair of Beasts
  8441 | Lair:1   | Reached XP level 13. HP: 128/128 MP: 12/12
  8584 | Lair:1   | Received a gift from Trog
  8948 | Lair:2   | You fall into a shaft and drop 2 floors!
  9788 | Lair:2   | Found a staircase to the Snake Pit.
  9837 | Lair:2   | You fall into a shaft and drop 1 floor!
 10363 | Lair:4   | Reached skill level 15 in Unarmed Combat
 10381 | Lair:4   | Found a staircase to the Swamp.
 10505 | Lair:4   | You fall into a shaft and drop 2 floors!
 10505 | Lair:6   | Entered Level 6 of the Lair of Beasts
 10653 | Lair:5   | Reached XP level 14. HP: 111/141 MP: 9/13
 11174 | Lair:5   | Reached skill level 10 in Fighting
 11636 | Lair:6   | Received a gift from Trog
 12319 | Lair:6   | Found a shimmering altar of Xom.
 12417 | Lair:6   | Found a viscous altar of Jiyva.
 12418 | Lair:6   | Found a staircase to the Slime Pits.
 12553 | Lair:6   | Noticed Nessos
 12558 | Lair:6   | Killed Nessos
 12864 | Orc:1    | Entered Level 1 of the Orcish Mines
 12870 | Orc:1    | Reached skill level 16 in Unarmed Combat
 12872 | D:9      | Reached ****** piety under Trog
 12946 | D:9      | Paralysed by an orc sorcerer for 6 turns
 13208 | Orc:2    | Entered Level 2 of the Orcish Mines
 13248 | Orc:2    | Received a gift from Trog
 13367 | Orc:2    | Found a staircase to the Elven Halls.
 13384 | Orc:2    | Found Soicon's Antique Weapon Emporium.
 13449 | Orc:2    | Found a roughly hewn altar of Beogh.
 13467 | Orc:2    | Found a roughly hewn altar of Beogh.
 13538 | Orc:2    | Found Meihamur's Assorted Antiques.
 13544 | Orc:1    | Noticed a stone giant
 13544 | Orc:1    | Noticed an orc warlord
 13566 | Orc:2    | Bought a twisted copper wand for 128 gold pieces
 13566 | Orc:2    | Bought a twisted marble ring for 160 gold pieces
 13604 | Orc:2    | Found a roughly hewn altar of Beogh.
 13645 | Orc:2    | Found Hihuniolo's Assorted Antiques.
 13752 | Orc:2    | Found a roughly hewn altar of Beogh.
 13762 | Orc:2    | Reached XP level 15. HP: 141/152 MP: 12/14
 13779 | Orc:2    | Found Nuonoir's Armour Shop.
 13824 | Orc:2    | Found Cielopic's Assorted Antiques.
 13850 | Orc:2    | Found a roughly hewn altar of Beogh.
 13882 | Orc:2    | Bought a wand of flame (10) for 29 gold pieces
 13882 | Orc:2    | Bought a potion of haste for 290 gold pieces
 14254 | Orc:2    | Noticed an orc warlord
 14278 | Orc:2    | Killed an orc warlord
 14400 | Orc:2    | Received a gift from Trog
 14468 | Orc:2    | Found Yfakiah's Antique Weapon Emporium.
 14469 | Orc:2    | Found a roughly hewn altar of Beogh.
 14472 | Orc:2    | Found Hun Lasu's Antique Armour Shoppe.
 14478 | Orc:2    | Bought an embroidered scarf for 248 gold pieces
 14542 | Orc:2    | Bought a potion of heal wounds for 125 gold pieces
 15228 | D:14     | Found a gate to the Vaults.
 15300 | D:14     | Found Ocvozut's General Store.
 15305 | D:14     | Bought a wand of paralysis (10) for 144 gold pieces
 15337 | D:14     | Reached skill level 5 in Armour
 15423 | D:14     | Found a gate leading to a gauntlet.
 15506 | Gauntlet | Entered a Gauntlet
 15506 | Gauntlet | Found a transporter.
 15514 | Gauntlet | Found a transporter.
 15516 | Gauntlet | Found a transporter.
 15518 | Gauntlet | Found a transporter.
 15540 | Gauntlet | Found a transporter.
 15549 | Gauntlet | Found a transporter.
 15557 | Gauntlet | Found a transporter.
 15576 | Gauntlet | Found a transporter.
 15591 | Gauntlet | Found a transporter.
 15622 | Gauntlet | Found a transporter.
 15638 | Gauntlet | Found a transporter.
 15643 | Gauntlet | Found a transporter.
 15666 | Gauntlet | Found a transporter.
 15671 | Gauntlet | Found a transporter.
 15673 | Gauntlet | Found a transporter.
 15692 | Gauntlet | Noticed an azure jelly
 15692 | Gauntlet | a stone giant changed into an azure jelly
 15694 | Gauntlet | an azure jelly changed into an alligator snapping turtle
 15695 | Gauntlet | Noticed a fire giant
 15695 | Gauntlet | an alligator snapping turtle changed into a fire giant
 15696 | Gauntlet | Found a transporter.
 15696 | Gauntlet | a fire giant changed into a dire elephant
 15697 | Gauntlet | Noticed a quicksilver dragon
 15697 | Gauntlet | a dire elephant changed into a quicksilver dragon
 15699 | Gauntlet | Noticed an azure jelly
 15699 | Gauntlet | a quicksilver dragon changed into an azure jelly
 15701 | Gauntlet | Found a transporter.
 15705 | Gauntlet | an azure jelly changed into an eleionoma
 15713 | Gauntlet | Noticed a fire giant
 15713 | Gauntlet | an eleionoma changed into a fire giant
 15714 | Gauntlet | Noticed a quicksilver dragon
 15714 | Gauntlet | a fire giant changed into a quicksilver dragon
 15720 | Gauntlet | a quicksilver dragon changed into a white draconian
 15731 | Gauntlet | Noticed a storm dragon
 15731 | Gauntlet | a minotaur changed into a storm dragon
 15737 | Gauntlet | a storm dragon changed into something unseen
 15750 | Gauntlet | Found a transporter.
 15875 | Gauntlet | Got a steaming iron ring
 15877 | Gauntlet | Identified the ring of Toezxaopt {Fire +Blink Will+++ MP-9
                  | Int+4} (You found it in a Gauntlet)
 15881 | Gauntlet | Identified the +6 war axe of Megalomania {vorpal, Will+
                  | Dex+7}
 15881 | Gauntlet | Identified the +5 chain mail "Ocseradd" {-Cast rF+ rCorr
                  | Dex+7}
 15881 | Gauntlet | Identified the ring of the Lobster {Fire Str+4 SInv}
 15926 | Gauntlet | Identified the Disquisition on Beguiling
 16115 | D:14     | Noticed Rupert
 16124 | D:14     | Killed Rupert
 16271 | D:14     | Received a gift from Trog
 16346 | D:14     | Noticed Agnes
 16351 | D:14     | Killed Agnes
 16366 | D:14     | You fall into a shaft and drop 1 floor!
 16366 | D:15     | Entered Level 15 of the Dungeon
 16780 | D:15     | Found a staircase to the Depths.
 16925 | D:15     | Reached skill level 10 in Shields
 17401 | D:15     | Reached XP level 16. HP: 165/165 MP: 15/15
 17755 | Swamp:1  | Entered Level 1 of the Swamp
 17773 | Swamp:1  | Noticed a thorn hunter
 17787 | Swamp:1  | Killed a thorn hunter
 18359 | Swamp:1  | Found a white marble altar of Elyvilon.
 18697 | Swamp:2  | Received a gift from Trog
 19255 | Swamp:3  | Noticed a thorn hunter
 19267 | Swamp:3  | Killed a thorn hunter
 19852 | Swamp:4  | Entered Level 4 of the Swamp
 20133 | Swamp:4  | HP: 4/167 [four-headed hydra[a spriggan druid] (8)]
 20134 | Swamp:4  | Slain by an eight-headed hydra

Illustrated notes

Levels and vault maps discovered:
D:1:      minmay_arrival_solitary_statue, layout_basic
D:2:      layout_loops_ring, chequers_ecumenical_altar_simple_redux,
          grunt_ministairs_2
D:3:      layout_loops_cross
D:4:      layout_cave_pools, lemuel_crystal_altar, serial_shops, shop,
          grunt_ministairs_11
D:5:      layout_basic, minmay_temple_entry_fiery, glass_columns_a
D:6:      layout_basic, ebering_ghost_reflecting_pool, minmay_fire_ice_demons
D:7:      layout_rooms
D:8:      layout_gridville, lemuel_crystal_altar, erik_lair_island,
          uniq_prince_ribbit1
D:9:      layout_big_octagon, lemuel_doored_altar, minitemple, orc_0_dummy,
          minmay_statue_bubble, uniq_joseph
D:10:     layout_loops_cross, minmay_puff, uniq_urug
D:11:     layout_basic, minmay_fractal_squares_5
D:12:     layout_layer_cave, minmay_gold_behind_fungi
D:13:     layout_basic, basic_altar, uniq_azrael, uniq_josephine
D:14:     layout_roguey, david_vaults_3, gauntlet_entry_generic, serial_shops,
          shop, uniq_rupert, uniq_agnes
D:15:     hangedman_depths_entry_try_elsewhere_first, layout_basic,
          roderic_lattice_a
Temple:   eino_temple_rhombus
Lair:1:   layout_cave_pods
Lair:2:   layout_regular_city, guppyfry_snake_entry_island, st_stairs_6,
          minmay_stone_trees_small
Lair:3:   wander_river, layout_regular_city, minmay_lair_oklob_chamber,
          grunt_megastairs_1, serial_bayou_shore_b
Lair:4:   layout_gridlike, skrybe_swamp_entry_bodies, cheibrodos_lair_lostbears,
          grunt_megastairs_5
Lair:5:   layout_cave_shapes
Lair:6:   minmay_lair_end_frog_pond, layout_long_grid, slime_altar_1,
          lemuel_centaur_altar, uniq_nessos
Swamp:1:  layout_basic_swamp, nicolae_swamp_godswood,
          infiniplex_staircase_pool_2
Swamp:2:  layout_basic_swamp, evilmike_swamp_ruin_house_3
Swamp:3:  layout_falls_marsh, nicolae_swamp_round_clearing
Swamp:4:  swamp_alternative, layout_basic_swamp
Orc:1:    layout_caves, lightli_orcish_oven
Orc:2:    grunt_orc_community_town_hall, layout_diamond_mine,
          grunt_orc_community_big_house_1, grunt_orc_community_big_house_1,
          grunt_orc_community_house_2, grunt_orc_community_house_2,
          grunt_orc_community_house_3, grunt_orc_community_house_1,
          serial_shops, shop, shop, nicolae_shop_crystal,
          nicolae_orc_stony_grotto, mines2_david

Skill      XL: |  1  2  3  4  5  6  7  8  9 10 11 12 13 14 15 16 |
---------------+-------------------------------------------------+-----
Unarmed Combat | 4 5 6 7 8 10 11 12 14 15 16 | 16.9
Throwing       | 1 3 4 6 7 8 9 |  9.7
Shields        | 1 2 3 4 5 6 7 8 9 10 11 | 11.0
Fighting       | 3 4 5 6 7 8 9 10 11 12 | 12.7
Dodging        | 3 4 6 7 8 9 |  9.4
Armour         | 2 3 4 5 6 |  6.8

Action                   |  1- 3 |  4- 6 |  7- 9 | 10-12 | 13-15 | 16-18 || total
-------------------------+-------+-------+-------+-------+-------+-------++-------
Melee: Unarmed           |    96 |    81 |   241 |   707 |  1218 |   279 ||  2622
       Punch             |     3 |       |       |       |       |       ||     3
Throw: Boomerang         |    29 |    46 |    90 |   126 |   216 |     4 ||   511
       Dart              |       |       |     2 |    16 |    26 |     9 ||    53
       Throwing net      |       |       |       |     2 |     3 |     1 ||     6
       Javelin           |       |       |       |       |    28 |    99 ||   127
Invok: Berserk           |       |     1 |     3 |     6 |     9 |     3 ||    22
       Trog's Hand       |       |     1 |     5 |    21 |    17 |     5 ||    49
       Brothers in Arms  |       |       |       |     1 |     5 |     5 ||    11
 Abil: Evoke Blink       |       |       |       |       |       |     1 ||     1
Evoke: Wand              |       |       |       |    12 |    32 |     3 ||    47
       Tin of tremorston |       |       |       |       |     8 |     2 ||    10
       Lightning rod     |       |       |       |       |    11 |     4 ||    15
       Condenser vane    |       |       |       |       |     1 |     2 ||     3
  Use: Scroll            |     3 |     8 |     7 |     9 |    10 |     1 ||    38
       Potion            |       |       |       |     1 |     1 |    11 ||    13
 Stab: Distracted        |       |       |       |       |     3 |       ||     3
       Paralysed         |       |       |       |       |     2 |       ||     2
       Invisible         |       |       |       |       |       |     7 ||     7
Armor: Animal skin       |    21 |    11 |    36 |    43 |       |       ||   111
       Troll leather arm |       |       |       |    50 |   146 |    28 ||   224
Dodge: Dodged            |    46 |    27 |    76 |   247 |   482 |   122 ||  1000
Block: Kite shield       |       |    13 |    75 |   288 |   405 |       ||   781
       Tower shield      |       |       |       |       |   248 |   217 ||   465

Table legend: (Time is in decaauts)
 A = Elapsed time spent in this place.
 B = Non-inter-level travel time spent in this place.
 C = Inter-level travel time spent in this place.
 D = Time resting spent in this place.
 E = Time spent auto-exploring this place.
 F = Levels seen in this place.
 G = Mean time per level.
                   A        B        C        D        E       F      G
               +--------+--------+--------+--------+--------+-----+--------+
         Total |  20360 |  18298 |   2062 |     36 |   2450 |  29 |  702.1 |
       Dungeon |  11185 |   9765 |   1420 |     10 |   1358 |  15 |  745.7 |
        Temple |      1 |      1 |      0 |      0 |      0 |   1 |    1.0 |
          Lair |   4508 |   4053 |    455 |      0 |      0 |   6 |  751.3 |
         Swamp |   2677 |   2585 |     92 |      0 |    600 |   4 |  669.2 |
  Orcish Mines |   1567 |   1473 |     94 |     26 |    492 |   2 |  783.5 |
      Gauntlet |    419 |    419 |      0 |      0 |      0 |   1 |  419.0 |
               +--------+--------+--------+--------+--------+-----+--------+

Top non-repeatable levels by time:
   Orc:2: 1290 daAuts
  Lair:6: 1215 daAuts
    D:12: 1126 daAuts
    D:15: 1048 daAuts
    D:13: 1006 daAuts
     D:8: 1002 daAuts
    D:10: 955 daAuts
     D:6: 916 daAuts
 Swamp:1: 908 daAuts
 Swamp:3: 814 daAuts
  Lair:3: 794 daAuts
    D:14: 739 daAuts
 Swamp:2: 733 daAuts
  Lair:4: 722 daAuts
     D:9: 706 daAuts
